 Dungeon Crawl Stone Soup version 0.31-a0-1300-gb6740aa4e6 (webtiles) character file.

Game seed: 3189531314400593701

44 LeprechaunX the Changeling (level 3, -13/24 HPs)
             Began as an Octopode Shapeshifter on Dec 18, 2023.
             Mangled by a gnoll
             ... wielding a +0 halberd
              (17 damage)
             ... on level 2 of the Dungeon.
             The game lasted 00:00:56 (942 turns).

LeprechaunX the Changeling (Octopode Shapeshifter)   Turns: 942, Time: 00:00:57

Health: -13/24     AC:  1    Str: 13    XL:     3   Next: 62%
Magic:  3/3        EV: 13    Int: 12    God:
Gold:   106        SH:  0    Dex: 13    Spells: 2/2 levels left

rFire   . . .        i - +2 spear (vamp)
rCold   . . .        (no shield)
rNeg    . . .        (helmet currently unavailable)
rPois   .            (no amulet)
rElec   .            (no ring)
rCorr   .            (no ring)
SInv    .            (no ring)
Will    .....        (no ring)
Stlth   ++           (no ring)
HPRegen 0.24/turn    (no ring)
MPRegen 0.08/turn    (no ring)
                     (no ring)

%: no passive effects
@: beast-form
A: beast (slay +2), almost no armour, amphibious, 8 rings, camouflage 1,
gelatinous body 1, (nimble swimmer 1), tentacles
a: Begin Untransformation


You were on level 2 of the Dungeon.
You were a hulking beast.
You visited 1 branch of the dungeon, and saw 2 of its levels.

You collected 106 gold pieces.

Inventory:

Hand Weapons
 i - a +2 vampiric spear (weapon)
Missiles
 l - a throwing net
Talismans
 b - a beast talisman
 c - a flux talisman
Scrolls
 d - 3 scrolls of noise {unknown}
 f - a scroll of fog {unknown}
 g - 2 scrolls of identify {unknown}
 k - a scroll of teleportation {unknown}
Potions
 a - a potion of lignification
 e - a potion of attraction {unknown}
 h - a potion of haste {unknown}
 j - a potion of curing {unknown}


   Skills:
 + Level 1.7 Fighting
 + Level 0.6 Polearms
 - Level 2.0 Dodging
 + Level 3.3 Unarmed Combat
 * Level 3.6 Shapeshifting


You had 2 spell levels left.
You didn't know any spells.
Your spell library contained the following spells:

 Spells                   Type           Power      Damage    Failure   Level
 Poisonous Vapours        Pois/Air       0%         N/A       45%         2
 Mephitic Cloud           Conj/Pois/Air  0%         N/A       69%         3
 Freezing Cloud           Conj/Ice/Air   0%         6-21      100%        5


Dungeon Overview and Level Annotations

Branches:
Dungeon (2/15)

Altars:


Innate Abilities, Weirdness & Mutations

You are a hulking beast.
Your limbs bulge with bestial killing power. (Slay +2)
You cannot wear most types of armour.
You are amphibious.
You can wear up to eight rings at the same time.
Your skin changes colour to match your surroundings (Stealth+).
Your rubbery body absorbs attacks. (AC +1, EV +1)
((You are camouflaged when in or above water. (Stealth+)))
You have tentacles for arms and can constrict up to eight enemies at once.


Message History

l - a throwing net
Things that are here:
a +0 spear; a gnoll corpse A gnoll comes into view.
It is wielding a +0 flail.
There are monsters nearby!
You reach to attack!
The gnoll shouts! x2
You hit the gnoll but do no damage. The gnoll closely misses you.
You reach to attack!
You completely miss the gnoll. The gnoll barely misses you.
You reach to attack!
You hit the gnoll.
The gnoll is lightly wounded.
The gnoll closely misses you.
You reach to attack!
You closely miss the gnoll.
The gnoll is lightly wounded.
The gnoll misses you. x2
You reach to attack!
You hit the gnoll.
The gnoll is lightly wounded.
The gnoll hits you from afar with a +0 halberd!
You hit the gnoll.
You feel better.
You grab the gnoll.
The gnoll is moderately wounded.
You constrict the gnoll, but do no damage.
The gnoll hits you with a +0 flail!
Ouch! That really hurt!
* * * LOW HITPOINT WARNING * * *
The gnoll completely misses you.
You puncture the gnoll! You squeeze the gnoll.
You kill the gnoll!
The gnoll barely misses you.
Unknown command.
Unknown command.
You are too injured to fight recklessly!
Reach: i) +2 spear (vamp)
Press: ? - help, Dir - move target, f/p - gnoll
Aim: a gnoll, wielding a +0 halberd (lightly wounded, about 32% to evade your +2 vampiric spear)
You reach to attack!
You hit the gnoll.
You feel better.
The gnoll is heavily wounded.
The gnoll hits you from afar with a +0 halberd!
Ouch! That really hurt!
You die...

....# ....#
....# #...# ..
#.#...#
...#.#...#
###.#g#)..###+##
.......h........
###....#........
#.#...........
#.#'#.........
#....)#+######
#........#
........#..##
#######.#...#
..#.#.#######


You could see a gnoll.

Vanquished Creatures
  2 gnolls (D:2)
  4 endoplasms
  2 giant cockroaches (D:1)
  2 goblins
  3 hobgoblins
  3 jackals (D:1)
  A quokka (D:1)
  A ball python (D:1)
  A bat (D:1)
  2 frilled lizards (D:1)
  A kobold (D:1)
  A rat (D:1)
23 creatures vanquished.

Notes
Turn   | Place    | Note
-------+----------+-------------------------------------------
     0 | D:1      | LeprechaunX the Octopode Shapeshifter began the quest for
                  | the Orb.
     0 | D:1      | Reached XP level 1. HP: 13/13 MP: 1/1
    97 | D:1      | Reached XP level 2. HP: 5/18 MP: 2/2
   793 | D:2      | Reached XP level 3. HP: 23/23 MP: 3/3
   942 | D:2      | Mangled by a gnoll

Illustrated notes

Levels and vault maps discovered:
D:1:      dpeg_arrival_ternary, layout_basic, dreamdust_wishing_well,
          serial_bayou_lagoon_a, minivault_11, kennysheep_decorative_pillar,
          st_stairs_10
D:2:      layout_basic, minmay_cupped

Action                     || total
---------------------------++-------
  Melee: Unarmed           ||    18
         Constrict         ||     7
         Tentacles         ||     3
         Spear             ||    23
   Stab: Sleeping          ||     6
 Armour: Skin              ||    11
  Dodge: Dodged            ||    20

Table legend: (Time is in decaauts)
 A = Elapsed time spent in this place.
 B = Non-inter-level travel time spent in this place.
 C = Inter-level travel time spent in this place.
 D = Time resting spent in this place.
 E = Time spent auto-exploring this place.
 F = Levels seen in this place.
 G = Mean time per level.
                   A        B        C        D        E       F      G
               +--------+--------+--------+--------+--------+-----+--------+
         Total |    942 |    908 |     34 |      0 |    784 |   2 |  471.0 |
       Dungeon |    942 |    908 |     34 |      0 |    784 |   2 |  471.0 |
               +--------+--------+--------+--------+--------+-----+--------+

Top non-repeatable levels by time:
     D:1: 771 daAuts
     D:2: 171 daAuts
